 Dungeon Crawl Stone Soup version 0.27.1-33-g824d729ab1 (webtiles) character file.

Game seed: 14184988583344199805

30 SensoryNuts the Skirmisher (level 3, -7/33 HPs)
             Began as a Draconian Monk on Dec 6, 2021.
             Engulfed by a cloud of flame (24 damage)
             ... on level 2 of the Dungeon.
             The game lasted 00:01:11 (1368 turns).

SensoryNuts the Skirmisher (Draconian Monk)         Turns: 1368, Time: 00:01:11

Health: -7/33      AC:  5    Str: 14    XL:     3   Next: 3%
Magic:  3/3        EV: 12    Int: 10    God:
Gold:   39         SH:  0    Dex: 13    Spells: 2/2 levels left

rFire    . . .     SeeInvis .   a - +0 mace
rCold    . . .     Faith    .   (no shield)
rNeg     . . .     Spirit   .   (armour unavailable)
rPois    .         Reflect  .   (helmet restricted)
rElec    .         Harm     .   (no cloak)
rCorr    .         Rampage  .   (no gloves)
Will     .....                  (no boots)
Stlth    ++........             (no amulet)
HPRegen  0.11/turn              (no ring)
MPRegen  0.08/turn              (no ring)

@: no status effects
A: AC +5, unfitting armour, cold-blooded
a: no special abilities


You were on level 2 of the Dungeon.
You visited 1 branch of the dungeon, and saw 2 of its levels.

You collected 39 gold pieces.

Inventory:

Hand Weapons
 a - a +0 mace (weapon)
 e - a +0 spear of venom
Armour
 d - a +0 helmet
Scrolls
 c - 2 scrolls of amnesia {unknown}
Potions
 b - a potion of lignification {unknown}


   Skills:
 + Level 3.6 Fighting
 + Level 3.6 Maces & Flails
 + Level 2.8 Dodging
 + Level 2.0 Stealth


You had 2 spell levels left.
You didn't know any spells.
Your spell library was empty.

Dungeon Overview and Level Annotations

Branches:
Dungeon (2/15)

Altars:

Shops:
D:2 :


Innate Abilities, Weirdness & Mutations

Your plain brown scales are hard. (AC +5)
You cannot fit into any form of body armour.
You are cold-blooded and may be slowed by cold attacks.


Message History

You feel stronger.
Your scales feel tougher.
The helpless kobold fails to defend itself.
You hit the kobold.
You kill the kobold!
No target in view!
No target in view!
No target in view!
No target in view!
No target in view!
No target in view!
No target in view!
No target in view!
You see here 5 boomerangs of dispersal.
There is a stone staircase leading down here.
Key pressed, stopping explore.
You see here 13 stones.
There is a stone staircase leading up here.
Found 4 gold pieces.
Partly explored, can't reach some items and places.
Partly explored, can't reach some items and places.
Partly explored, can't reach some items and places.
No target in view!
No target in view!
No target in view!
No target in view!
No target in view!
No target in view!
No target in view!
Partly explored, can't reach some items and places.
Partly explored, can't reach some items and places.
Partly explored, can't reach some items and places.
Really walk into a travel-excluded area?
Uppercase [Y]es or [N]o only, please.
Really walk into a travel-excluded area?
Found 6 gold pieces.
Really walk into that cloud of flame?
You are engulfed in blazing flames.
You are engulfed in blazing flames.
Ouch! That really hurt!
You die...

#........... #§§☼#
#...........
#####...#####....<......
.○§§.$$$.○§......#######
§☼.$.$.☼§☼!....#
○.....°§§.....#
#...#####....# #§○§#
#....# #§§@# #.####
#☼☼§# #.# #...#####.#
##........# ##########


There were no monsters in sight!

Vanquished Creatures
  An adder skeleton (D:2)
  A worm (D:2)
  An endoplasm (D:1)
  3 giant cockroaches
  2 goblins (D:1)
  3 hobgoblins (D:1)
  4 quokkas
  2 bats
  A frilled lizard (D:1)
  2 kobolds
  2 rats
22 creatures vanquished.

Notes
Turn   | Place    | Note
-------+----------+-------------------------------------------
     0 | D:1      | SensoryNuts the Draconian Monk began the quest for the Orb.
     0 | D:1      | Reached XP level 1. HP: 19/19 MP: 1/1
   287 | D:1      | Reached XP level 2. HP: 26/26 MP: 2/2
   876 | D:2      | Found Amaluoxu's Book Boutique.
  1255 | D:2      | Reached XP level 3. HP: 33/33 MP: 3/3
  1368 | D:2      | Engulfed by a cloud of flame

Illustrated notes

Levels and vault maps discovered:
D:1:      nicolae_arrival_memento_mori, layout_loops_ring, minmay_pentomino_v2
D:2:      layout_rooms, serial_shops, nicolae_shop_window_shopping,
          lemuel_flame_loot_1

Skill      XL: |  1  2 |
---------------+-------+-----
Stealth        | 2 |  2.0
Fighting       | |  3.6
Maces & Flails | |  3.6
Dodging        | |  2.8

Action                   || total
-------------------------++-------
Melee: Mace              ||    57
       Tailslap          ||     6
 Stab: Sleeping          ||     5
Armor: Skin              ||    15
Dodge: Dodged            ||    26
